 Dungeon Crawl Stone Soup version 0.17.1-2-g5865329 (webtiles) character file.

119 NighmareConjurer the Chopper (level 4, -4/40 HPs)
             Began as a Minotaur Berserker on Jan 20, 2016.
             Was a Priest of Trog.
             Killed from afar by Terence (9 damage)
             ... with a wand of flame
             ... on level 2 of the Dungeon on Jan 25, 2016.
             The game lasted 00:17:15 (2543 turns).

NighmareConjurer the Chopper (Minotaur Berserker)   Turns: 2543, Time: 00:17:15

Health: -4/40      AC:  5    Str: 22    XL:     4   Next: 74%
Magic:  3/3        EV: 12    Int:  4    God:    Trog [***...]
Gold:   56         SH:  0    Dex: 10    Spells: 0 memorised, 3 levels left

rFire  . . .     SeeInvis .     a - +0 hand axe
rCold  . . .     Clarity  .     d - +0 ring mail
rNeg   . . .     SustAt   .     (no shield)
rPois  .         Gourm    +     (helmet restricted)
rElec  .         Spirit   .     (no cloak)
rCorr  .         Warding  .     (no gloves)
rMut   .         Stasis   .     (no boots)
MR     .....                    h - amulet of the gourmand
Stlth  ..........               (no ring)
                                (no ring)

@: not resistant to hostile enchantments, extremely unstealthy
A: retaliatory headbutt, horns 2
a: Berserk, Trog's Hand, Burn Spellbooks, Renounce Religion


You were on level 2 of the Dungeon.
You worshipped Trog.
Trog was most pleased with you.
You were full.

You visited 1 branch of the dungeon, and saw 2 of its levels.

You collected 56 gold pieces.

Inventory:

Hand Weapons
 a - a +0 hand axe (weapon)
Armour
 b - a +0 animal skin
 d - a +0 ring mail (worn)
 f - a +0 ring mail
Jewellery
 h - an amulet of the gourmand (around neck)
 i - a cursed ring of ice {unknown}
Scrolls
 j - a scroll of enchant armour {unknown}
Potions
 e - a potion of brilliance {unknown}
 k - 2 potions of might {unknown}
Comestibles
 c - a bread ration


   Skills:
 + Level 4.2 Fighting
 + Level 4.6 Axes
 + Level 3.9 Armour
 + Level 3.4 Dodging


You had 3 spell levels left.
You didn't know any spells.

Dungeon Overview and Level Annotations

Branches:
Dungeon (2/15)

Altars:

Annotations:
D:2 Terence


Innate Abilities, Weirdness & Mutations

You reflexively headbutt those who attack you in melee.
You have a pair of horns on your head.


Message History

You hit the jackal.
You kill the jackal!
Trog accepts your kill.
You hit Terence but do no damage. You hit the jackal.
You kill the jackal!
Trog accepts your kill. The jackal misses you. You furiously retaliate!
You headbutt the jackal.
You kill the jackal!
Trog accepts your kill.
Terence hits you with an enchanted mace.
Terence zaps a wand.
The puff of flame hits you!
* * * LOW HITPOINT WARNING * * *
Terence closely misses you.
Terence zaps a wand.
The puff of flame hits you!
* * * LOW HITPOINT WARNING * * *
Terence zaps a wand.
The puff of flame misses you.
You hit Terence but do no damage.
Terence says, "You're history."
Terence zaps a wand.
The puff of flame hits you!
You die...

#..#.###.#...## ####
#..#..........# #...
#..#####.#....# #.##
#..# ###....#####.#
#..# #....##.)..#
#..##########.##.##.#
#..#....# #.##.##.#
#..'....# #.##....#
#..#.@..#####....####
#..†.@..##......##
#.....#.##......#
#.....#.##......#
#.....#.##...(..#
#$...##(##......#
#..### .##......#
#.(# .##......# #..#
.#########


You could see Terence.

Vanquished Creatures
  Robin (D:2)
  3 adders (D:2)
  2 oozes (D:1)
  3 giant geckos (D:1)
  3 ball pythons (D:1)
  4 giant cockroaches (D:1)
  13 goblins
  2 hobgoblins
  12 jackals
  A quokka (D:2)
  10 bats
  5 giant newts (D:1)
  5 kobolds
  A rat (D:1)
65 creatures vanquished.

Notes
Turn   | Place    | Note
--------------------------------------------------------------
     0 | D:1      | NighmareConjurer the Minotaur Berserker began the quest for the Orb.
     0 | D:1      | Reached XP level 1. HP: 19/19 MP: 0/0
   591 | D:1      | Reached XP level 2. HP: 22/27 MP: 1/1
  1056 | D:1      | Reached skill level 4 in Axes
  1058 | D:1      | Reached ** piety under Trog
  1222 | D:1      | Reached XP level 3. HP: 31/33 MP: 2/2
  1793 | D:2      | Reached XP level 4. HP: 29/40 MP: 3/3
  2456 | D:2      | Reached *** piety under Trog
  2459 | D:2      | Noticed Robin
  2464 | D:2      | Killed Robin
  2526 | D:2      | Noticed Terence
  2543 | D:2      | Killed from afar by Terence

Action                   |  1- 3 |  4- 6 || total
-------------------------+-------+-------++-------
Melee: Hand axe          |    68 |    19 ||    87
Invok: Berserk           |     2 |     1 ||     3
  Use: Scroll            |       |     1 ||     1
  Eat: Chunk             |    18 |     3 ||    21
